 Dungeon Crawl Stone Soup version 0.29.1-15-g9cfb28693d (webtiles) character file.

Game seed: 11538540735030397089

686 kingofthe the Magician (level 7, -4/36 HPs)
             Began as a Deep Elf Fire Elementalist on Mar 5, 2023.
             Slain by an iron imp (9 damage)
             ... summoned by Eustachio
             ... on level 5 of the Dungeon.
             The game lasted 00:14:57 (4719 turns).

kingofthe the Magician (Deep Elf Fire Elementalist) Turns: 4719, Time: 00:14:57

Health: -4/36      AC:  3    Str:  5    XL:     7   Next: 35%
Magic:  9/26       EV: 14    Int: 22    God:
Gold:   180        SH:  0    Dex: 15    Spells: 7/17 levels left

rFire   . . .      SeeInvis .   d - +0 dagger (venom)
rCold   . . .      Faith    .   (no shield)
rNeg    . . .      Spirit   .   a - +0 robe
rPois   .          Reflect  .   g - +0 helmet
rElec   .          Harm     .   (no cloak)
rCorr   .          Rampage  .   (no gloves)
Will    .....                   (no boots)
Stlth   +++.......              (no amulet)
HPRegen 0.12/turn               M - ring of magical power
MPRegen 0.20/turn               (no ring)

@: no status effects
A: no striking features
a: no special abilities


You were on level 5 of the Dungeon.
You visited 1 branch of the dungeon, and saw 5 of its levels.

You collected 180 gold pieces.


   Skills:
 * Level 5.0 Dodging
 + Level 4.2 Stealth
 * Level 5.7 Spellcasting
 * Level 4.2 Conjurations
 * Level 5.3 Fire Magic


You had 7 spell levels left.
You knew the following spells:

 Your Spells              Type           Power      Damage    Failure   Level
a - Foxfire               Conj/Fire      100%       2x1d9     1%          1
b - Scorch                Fire           58%        2d8       1%          2
c - Conjure Flame         Conj/Fire      27%        6-21      4%          3
d - Flame Wave            Conj/Fire      27%        2d9       13%         4

Your spell library contained the following spells:

 Spells                   Type           Power      Damage    Failure   Level
 Summon Small Mammal      Summ           24%        N/A       10%         1
 Inner Flame              Hex/Fire       17%        N/A       10%         3
 Call Canine Familiar     Summ           6%         N/A       28%         3
 Ozocubu's Armour         Ice            6%         N/A       28%         3
 Portal Projectile        Hex/Tloc       12%        N/A       28%         3
 Summon Guardian Golem    Hex/Summ       6%         N/A       28%         3
 Tukima's Dance           Hex            6%         N/A       28%         3
 Blade Hands              Tmut           3%         N/A       95%         5
 Ozocubu's Refrigeration  Ice            3%         4d8       100%        7

Inventory:

Hand Weapons
 d - a +0 dagger of venom (weapon)
 p - a +0 dagger of speed
Armour
 a - a +0 robe (worn)
 f - an orb of light
 g - a +0 helmet (worn)
 j - a +0 buckler
Jewellery
 M - a ring of magical power (left hand)
Wands
 m - a wand of flame (14)
 t - a wand of paralysis (7)
Scrolls
 e - 3 scrolls of teleportation {unknown}
 h - 3 scrolls of fear {unknown}
 i - 2 scrolls of torment {unknown}
 l - a scroll of amnesia {unknown}
 n - a scroll of acquirement {unknown}
 r - a scroll of identify {unknown}
Potions
 b - 2 potions of magic
 c - 4 potions of curing {@q1}
 k - 2 potions of attraction {unknown}
 o - 2 potions of might {unknown}
 q - 2 potions of lignification {unknown}
 s - a potion of resistance {unknown}

Dungeon Overview and Level Annotations

Branches:
Dungeon (5/15)
 Temple: D:4-7

Altars:
Hepliaklqana

Annotations:
D:4 1 runed translucent door, croobank's ghost, weakling OpDe
D:5 Eustachio

###############
#.>............
#......5.......
#.....b§5@.....
#..<..5@#######
#.......#
#.......#
#.......#
#.......#
#.......#
#.......#
#.......+


You could see Eustachio (very poisoned), an iron imp (summoned), 2 crimson imps
and a bat (summoned).


Message History

You kill the bat!
The bat's corpse disappears in a puff of smoke!
Eustachio gestures wildly while chanting.
The quokka bites you.
* * * LOW HITPOINT WARNING * * *
The rat bites you.
* * * LOW HITPOINT WARNING * * *
Casting: Scorch (safe; 1% risk of failure)
Confirm with . or Enter, or press ? or * to list all spells.
Flames lash the rat.
You kill the rat!
The rat's corpse disappears in a puff of smoke!
The bat barely misses you. Eustachio hits you with a +0 rapier.
* * * LOW HITPOINT WARNING * * *
The quokka misses you.
Casting: Scorch (safe; 1% risk of failure)
Confirm with . or Enter, or press ? or * to list all spells.
Flames lash the crimson imp.
The crimson imp completely resists.
The bat closely misses you.
Eustachio casts a spell.
Eustachio blinks!
The quokka bites you.
* * * LOW HITPOINT WARNING * * *
The bat closely misses you.
Casting: Scorch (safe; 1% risk of failure)
Confirm with . or Enter, or press ? or * to list all spells.
Flames lash the quokka.
You kill the quokka!
The quokka's corpse disappears in a puff of smoke!
The bat misses you. The iron imp hits you!
You die...

Skill      XL: |  1  2  3  4  5  6  7 |
---------------+----------------------+-----
Dodging        | 3 4 5 |  5.0
Conjurations   | 2 3 4 |  4.2
Stealth        | 3 4 |  4.2
Fire Magic     | 4 5 |  5.3
Spellcasting   | 4 5 |  5.7

Action                   |  1- 3 |  4- 6 |  7- 9 || total
-------------------------+-------+-------+-------++-------
Melee: Dagger            |    14 |    12 |     6 ||    32
 Cast: Foxfire           |    52 |    99 |    14 ||   165
       Scorch            |     9 |    26 |     6 ||    41
Armor: Robe              |     5 |     5 |     2 ||    12
Dodge: Dodged            |     8 |    25 |    21 ||    54

Levels and vault maps discovered:
D:1:      evilmike_arrival_plus, layout_rooms, shapermc_ecumenical_altar_ellora,
          chequers_serial_rivers_small_3, minmay_misc_feat_hallway,
          kennysheep_nondescript, serial_bayou_pond_e, minmay_box_of_dots
D:2:      layout_rooms, basic_altar
D:3:      layout_basic, chequers_serial_rivers_small_a,
          kennysheep_generic_room_4, uniq_ijyb
D:4:      layout_basic, hellmonk_ghost_happy_afterlife
D:5:      cheibrodos_helix_gallery, layout_gridville,
          grunt_temple_overflow_open, chequers_serial_rivers_small_b,
          minmay_a_box_with_orc_wizards_in_it, uniq_eustachio, uniq_grinder,
          uniq_menkaure

Notes
Turn   | Place    | Note
-------+----------+-------------------------------------------
     0 | D:1      | kingofthe the Deep Elf Fire Elementalist began the quest
                  | for the Orb.
     0 | D:1      | Reached XP level 1. HP: 10/10 MP: 6/6
    96 | D:1      | Found a faded altar of an unknown god.
   209 | D:1      | Reached XP level 2. HP: 7/15 MP: 0/8
   212 | D:1      | Learned a level 2 spell: Scorch
   915 | D:2      | Reached XP level 3. HP: 19/19 MP: 4/9
  1000 | D:2      | Noticed a black bear
  1233 | D:2      | Reached skill level 3 in Dodging
  1233 | D:2      | Reached skill level 2 in Conjurations
  1234 | D:2      | Reached skill level 3 in Stealth
  1369 | D:2      | Reached XP level 4. HP: 24/24 MP: 5/11
  1390 | D:2      | Reached skill level 4 in Fire Magic
  1393 | D:2      | Reached skill level 4 in Spellcasting
  1794 | D:2      | Found a hazy altar of Hepliaklqana.
  1872 | D:2      | Killed a black bear
  1873 | D:2      | Reached XP level 5. HP: 28/28 MP: 3/13
  2139 | D:3      | Noticed Ijyb
  2153 | D:3      | Killed Ijyb
  2154 | D:3      | Reached skill level 3 in Conjurations
  2898 | D:3      | Reached skill level 4 in Dodging
  3104 | D:4      | Noticed an ogre
  3306 | D:4      | Found a runed translucent door.
  3306 | D:4      | Noticed croobank's ghost (weakling OpDe)
  3325 | D:4      | Reached XP level 6. HP: 32/32 MP: 4/15
  3575 | D:4      | Reached skill level 5 in Spellcasting
  4565 | D:4      | Reached skill level 4 in Stealth
  4565 | D:4      | Reached skill level 4 in Conjurations
  4565 | D:4      | Reached skill level 5 in Fire Magic
  4565 | D:4      | Reached XP level 7. HP: 36/36 MP: 17/17
  4593 | D:5      | Entered Level 5 of the Dungeon
  4593 | D:5      | Noticed Menkaure
  4595 | D:5      | Killed Menkaure
  4596 | D:5      | Reached skill level 5 in Dodging
  4602 | D:4      | Learned a level 3 spell: Conjure Flame
  4607 | D:4      | Learned a level 4 spell: Flame Wave
  4691 | D:5      | Noticed Eustachio
  4719 | D:5      | Slain by an iron imp

Vanquished Creatures
  Menkaure (D:5)
  A black bear (D:2)
  An ogre (D:4)
  2 scorpions (D:4)
  An orc priest (D:4)
  Ijyb (D:3)
  2 orc wizards (D:4)
  6 adders
  3 gnolls (D:2)
  2 worms (D:2)
  2 dart slugs (D:2)
  4 orcs (D:4)
  5 ball pythons
  6 bats
  5 endoplasms
  4 giant cockroaches
  9 goblins
  4 hobgoblins
  10 jackals
  6 kobolds
  4 quokkas (D:2)
  2 frilled lizards
  5 rats
86 creatures vanquished.

Vanquished Creatures (others)
  291 foxfires
291 creatures vanquished.

Grand Total: 377 creatures vanquished

Table legend: (Time is in decaauts)
 A = Elapsed time spent in this place.
 B = Non-inter-level travel time spent in this place.
 C = Inter-level travel time spent in this place.
 D = Time resting spent in this place.
 E = Time spent auto-exploring this place.
 F = Levels seen in this place.
 G = Mean time per level.
                   A        B        C        D        E       F      G
               +--------+--------+--------+--------+--------+-----+--------+
         Total |   4725 |   4517 |    208 |    818 |   3041 |   5 |  945.0 |
       Dungeon |   4725 |   4517 |    208 |    818 |   3041 |   5 |  945.0 |
               +--------+--------+--------+--------+--------+-----+--------+

Top non-repeatable levels by time:
     D:4: 1581 daAuts
     D:2: 1316 daAuts
     D:3: 1023 daAuts
     D:1: 768 daAuts
     D:5: 35 daAuts

Table legend:
 A = Non-vault XP
 B = Vault XP
 C = Vault XP percentage of total XP
 D = Non-vault monster count
 E = Vault monster count
 F = Vault count percentage of total count
                 A         B        C        D         E       F
            +---------+---------+-------+---------+---------+-------
      Total |     766 |     214 |  21.8 |      78 |       8 |   9.3
            +---------+---------+-------+---------+---------+-------
        D:1 |      15 |       9 |  37.5 |      10 |       5 |  33.3
        D:2 |     255 |       0 |   0.0 |      30 |       0 |   0.0
        D:3 |      24 |      36 |  60.0 |       8 |       2 |  20.0
        D:4 |     472 |       0 |   0.0 |      30 |       0 |   0.0
        D:5 |       0 |     169 | 100.0 |       0 |       1 | 100.0
            +---------+---------+-------+---------+---------+-------
